 Dungeon Crawl Stone Soup version 0.30.1-4-g462c640d31 (webtiles) character file.

Game seed: 2736715584955717046

76239 booth the Cleaver (level 15, -12/117 HPs)
             Began as a Demonspawn Monk on Aug 12, 2023.
             Was the Champion of Wu Jian.
             Mangled by an ogre
             ... wielding a +0 giant spiked club
              (18 damage)
             ... on level 2 of the Orcish Mines on Aug 13, 2023.
             The game lasted 02:20:11 (26348 turns).

booth the Cleaver (Demonspawn Monk)                Turns: 26348, Time: 02:20:12

Health: -12/117    AC: 15    Str: 20    XL:     15   Next: 11%
Magic:  37/37      EV: 17    Int: 11    God:    Wu Jian [******]
Gold:   1006       SH:  9    Dex: 22    Spells: 32/32 levels left

rFire   + + +        N - +3 war axe (elec)
rCold   + . .        n - +2 buckler "Saafanit" {Contam Fly rF+ rN+}
rNeg    + + .        f - +2 scale mail {rPois}
rPois   +            (helmet unavailable)
rElec   .            c - +0 cloak "Webugex" {rF+ rN+ Str+3}
rCorr   +            g - +1 pair of gloves of the Distant Future {rCorr Int-2 Slay+3}
SInv    +            H - +1 pair of boots
Will    ++...        (no amulet) Stlth
                     V - ring of protection from cold
HPRegen 0.39/turn    y - ring "Ydifromm" {rF+ Will+ MP+9 Dex+6}
MPRegen 0.25/turn

%: no passive effects
@: flying, hasted, studying 2 skills, very quick
A: antennae 3, claws 2, demonic guardian 2, spiny 1
a: Renounce Religion, Wall Jump, Serpent's Lash, Heavenly Storm


You were on level 2 of the Orcish Mines.
You worshipped Wu Jian.
Wu Jian was exalted by your worship.
You visited 4 branches of the dungeon, and saw 21 of its levels.
You also visited: Trove and Ossuary.

You collected 1886 gold pieces.
You spent 880 gold pieces at shops.

Inventory:

Hand Weapons
 u - a +1 hand axe of electrocution
 v - a +3 flail of venom
 N - a +3 war axe of electrocution (weapon)
 Z - a +0 broad axe of flaming
Missiles
 b - 30 poisoned darts (quivered)
 e - 5 atropa-tipped darts
 k - 4 javelins
 s - 15 boomerangs
 C - 3 curare-tipped darts
 M - 5 silver javelins
 R - 3 throwing nets
Armour
 c - the +0 cloak "Webugex" (worn) {rF+ rN+ Str+3}
   (You found it in a treasure trove)

   Str:       It affects your strength (+3).
   rF:        It protects you from fire.
   rN:        It protects you from negative energy.
 d - an orb of light
 f - a +2 scale mail of poison resistance (worn)
 g - the +1 pair of gloves of the Distant Future (worn) {rCorr Int-2 Slay+3}
   (You found it in a treasure trove)

   Int:       It affects your intelligence (-2).
   Slay:      It affects your accuracy & damage with ranged weapons and melee
   (+3).
   rCorr:     It protects you from acid and corrosion.
 n - the +2 buckler "Saafanit" (worn) {Contam Fly rF+ rN+}
   (You found it in a treasure trove)

   rF:        It protects you from fire.
   rN:        It protects you from negative energy.
   Fly:       It grants you flight.
   Contam:    It causes magical contamination when unequipped.
 o - +1 ice dragon scales
 H - a +1 pair of boots (worn)
 U - the +5 scale mail "Taerimie" {Rampage +Blink Str-4 Int+6 Stlth+}
   (You found it on level 11 of the Dungeon)

   Str:       It affects your strength (-4).
   Int:       It affects your intelligence (+6).
   +Blink:    It lets you blink.
   Rampage:   It bestows one free step when moving towards enemies.
   Stlth:     It makes you more stealthy.
Jewellery
 j - a +6 ring of dexterity
 l - an amulet of faith
 r - a ring of wizardry
 y - the ring "Ydifromm" (right hand) {rF+ Will+ MP+9 Dex+6}
   (You found it on level 7 of the Dungeon)

   [ring of dexterity]

   Dex:       It affects your dexterity (+6).
   rF:        It protects you from fire.
   MP:        It affects your magic capacity (+9).
   Will:      It increases your willpower.
 B - the ring of Leycrez {Fire rN+ Int+4}
   (You found it on level 5 of the Lair of Beasts)

   [ring of fire]

   It enhances your fire magic.
   Int:       It affects your intelligence (+4).
   rF:        It protects you from fire.
   rC:        It makes you vulnerable to cold.
   rN:        It protects you from negative energy.
 Q - a ring of wizardry
 S - a +6 ring of intelligence
 V - a ring of protection from cold (left hand)
Wands
 p - a wand of digging (11)
 q - a wand of paralysis (4)
 E - a wand of quicksilver (16)
 J - a wand of polymorph (12)
 T - a wand of iceblast (3)
 Y - a wand of flame (11)
Scrolls
 m - 4 scrolls of fog
 t - 5 scrolls of identify
 x - 7 scrolls of teleportation
 D - 2 scrolls of magic mapping
 F - 3 scrolls of fear
 P - 2 scrolls of poison
Potions
 a - a potion of flight
 h - 6 potions of attraction
 i - 7 potions of curing
 z - 4 potions of brilliance
 G - 2 potions of might
 I - 4 potions of cancellation
 W - 2 potions of resistance
Miscellaneous
 A - a box of beasts
 X - a phial of floods


   Skills:
 + Level 10.4 Fighting
 * Level 12.9(14.0) Axes
 - Level 8.6(11.9) Maces & Flails
 + Level 8.9 Throwing
 + Level 6.7 Armour
 + Level 11.2 Dodging
 + Level 6.8 Shields
 + Level 9.2 Spellcasting


You had 32 spell levels left.
You didn't know any spells.
Your spell library contained the following spells:

 Spells                   Type           Power      Damage    Failure   Level
 Kiss of Death            Conj/Necr      20%        2d7       41%         1
 Shock                    Conj/Air       20%        1d4       41%         1
 Confusing Touch          Hex            5%         N/A       78%         3
 Dispel Undead            Necr           5%         3d7       99%         4
 Plasma Beam              Fire/Air       2%         2x1d14    100%        6
 Storm Form               Tmut/Air       2%         N/A       100%        7


Dungeon Overview and Level Annotations

Branches:
Dungeon (13/15)            Temple (1/1) D:4            Lair (5/5) D:10
 Shoals (0/4) Lair:3       Spider (0/4) Lair:2        Slime (0/5) Lair:4
    Orc (2/2) D:9         Ossuary (visited)
    Elf: Orc:2       Vaults: D:13-14

Altars:
Ashenzari
Cheibriados
Dithmenos
Fedhas
Gozag
Hepliaklqana
Kikubaaqudgha
Makhleb
Nemelex Xobeh
Okawaru
Qazlal
Ru
Sif Muna
Trog
Uskayaw
Vehumet
Wu Jian
Xom
Yredelemnul
Jiyva
Lugonu

Shops:
D:3 (   D:4 (:

Portals:
Abyss: Lair:5

Annotations:
D:10 2 transporters, zzuzz's ghost, journeyman TrTm


Innate Abilities, Weirdness & Mutations

You have a pair of large antennae on your head. (SInv)
You have very sharp fingernails.
A demonic guardian rushes to your aid.
You are partially covered in sharp spines.


Message History

You hit the two-headed ogre.
The two-headed ogre is severely wounded.
You spin and attack the ogre.
You slash the ogre! Lightning courses through the ogre!
You kill the ogre!
The Council accepts your kill.
Your soul eater hits the ogre!
You see here a +0 giant spiked club.
You spin and attack the two-headed ogre repeatedly.
You slash the two-headed ogre!
The two-headed ogre is almost dead.
You barely miss the two-headed ogre.
The two-headed ogre is almost dead.
You block the two-headed ogre's attack. x2
The ogre mage casts a spell.
The ogre mage flickers and vanishes for a moment.
You slash the two-headed ogre!
The two-headed ogre is almost dead.
The two-headed ogre is struck by your spines.
The two-headed ogre closely misses you.
The two-headed ogre hits you with a +0 dire flail!
* * * LOW HITPOINT WARNING * * *
You hit the two-headed ogre.
The two-headed ogre is almost dead.
The ogre barely misses your soul eater.
You completely miss the two-headed ogre.
The two-headed ogre is almost dead.
You block the two-headed ogre's attack.
The two-headed ogre hits you with a +0 dire flail!
* * * LOW HITPOINT WARNING * * *
Your soul eater hits the two-headed ogre.
Your soul eater drains the two-headed ogre.
The two-headed ogre dies!
The Council accepts your kill.
The ogre mage hits you from afar with a +0 halberd!
* * * LOW HITPOINT WARNING * * *
You slice the ogre!!
The ogre is severely wounded.
The ogre hits you with a +0 giant spiked club!!
You die...

###.###...#..)............
..##...#......##..o.......
...........))).#..........
#........{O)).#...........
#.......OOO{{.....#.....##
#.....OOO#{..............
###.$.OO###....#.........
#...).3)###........
##.##.O@.###..#.... ##
##....# ....... ###.##
...... ## .$..


You could see an ogre mage (invisible, ally target), 5 ogres and a friendly soul
eater (summoned).

Vanquished Creatures
  Gastronok (Lair:3)
  The ghost of Zeor the Skirmisher, a journeyman NaHs of Hepliaklqana (Lair:5)
  A fire dragon (Lair:3)
  5 hydras
  An ogre mage (Orc:2)
  Erica (Lair:2)
  A boulder beetle (D:12)
  A centaur warrior (D:11)
  4 two-headed ogres
  3 thrashing horrors (Lair:5)
  A death yak (Lair:2)
  3 lindwurms
  Pikel (D:5)
  2 large abominations (Lair:5)
  3 harpies (Lair:3)
  A deep elf pyromancer (D:12)
  4 ugly things
  4 cyclopes
  4 elephants (Lair:4)
  2 orc sorcerers (Orc:1)
  A manticore (Lair:3)
  3 black mambas
  A torpor snail (Lair:2)
  A smoke demon (Lair:5)
  7 cane toads
  A cane toad (shapeshifter) (Lair:5)
  An unseen horror (D:10)
  9 komodo dragons
  11 rime drakes
  Maggie (Lair:1)
  A komodo dragon (shapeshifter) (Lair:5)
  A guardian mummy (D:10)
  4 trolls
  A polar bear (shapeshifter) (Lair:5)
  2 ancient zymes (Lair:5)
  2 polar bears
  9 dream sheep (Lair:3)
  24 blink frogs
  2 jumping spiders (Lair:2)
  A spriggan (Lair:5)
  A spriggan (shapeshifter) (Lair:5)
  2 culicivoras (Lair:2)
  A shadow (D:10)
  9 wyverns
  A ynoxinul (Lair:5)
  58 yaks
  4 wraiths
  11 basilisks
  A redback (Lair:2)
  A steam dragon (D:7)
  Menkaure (D:7)
  2 wargs (Orc:1)
  2 vampire mosquitoes (D:12)
  18 water moccasins
  13 orc warriors
  A black bear (D:10)
  2 sky beasts
  14 ogres
  15 wolves
  6 centaurs
  3 phantoms (D:5)
  An elf zombie (Ossuary)
  A kobold brigand (D:9)
  Blork the orc (D:5)
  13 bullfrogs
  5 scorpions
  13 small abominations (Lair:5)
  Dowan (D:7)
  A wight (D:7)
  11 killer bees
  5 howler monkeys
  2 centaur zombies (Ossuary)
  2 jellies
  13 orc priests
  Crazy Yiuf (D:2)
  A gnoll bouda (D:6)
  2 iguanas
  Jessica (D:2)
  13 hell rats
  22 orc wizards
  3 mummies
  3 gnolls (D:6)
  8 adders
  A shadow imp (D:7)
  2 white imps
  An ufetubus (D:5)
  2 adder zombies (Ossuary)
  2 worms
  4 dart slugs
  89 orcs
  2 bats
  2 endoplasms
  4 giant cockroaches
  10 goblins
  7 hobgoblins
  10 jackals
  6 quokkas
  6 ball pythons
  4 frilled lizards
  A goblin zombie (Ossuary)
  8 hobgoblin zombies (Ossuary)
  2 jackal zombies (Ossuary)
  7 kobolds
  11 kobold zombies (Ossuary)
  9 orc zombies (Ossuary)
  9 rats
  A rat zombie (Ossuary)
616 creatures vanquished.

Vanquished Creatures (collateral kills)
  3 hydras
  An ogre mage (Orc:2)
  4 two-headed ogres (Orc:2)
  3 death yaks
  An orc sorcerer (Orc:2)
  A black mamba (Lair:2)
  A torpor snail (Lair:4)
  A rime drake (Lair:2)
  A hornet (D:7)
  5 dream sheep (Lair:3)
  10 yaks
  Duvessa (D:7)
  A water moccasin (Lair:3)
  2 orc warriors (Orc:2)
  2 ogres (Orc:2)
  A centaur (D:12)
  2 wights (D:7)
  An orc wizard (Orc:2)
  Terence (D:2)
  A hell rat (Lair:2)
  A gnoll (D:6)
  3 orcs
47 creatures vanquished.

Grand Total: 663 creatures vanquished

Notes
Turn   | Place    | Note
-------+----------+-------------------------------------------
     0 | D:1      | booth the Demonspawn Monk began the quest for the Orb.
     0 | D:1      | Reached XP level 1. HP: 18/18 MP: 1/1
   205 | D:1      | Gained mutation: A weak demonic guardian rushes to your
                  | aid. [demonic ancestry]
   205 | D:1      | Reached XP level 2. HP: 21/24 MP: 2/2
   483 | D:1      | Reached skill level 3 in Axes
   787 | D:1      | Reached XP level 3. HP: 29/29 MP: 3/3
  1621 | D:2      | Noticed Terence
  1774 | D:2      | Killed Terence
  1984 | D:2      | Reached XP level 4. HP: 33/35 MP: 4/4
  2028 | D:2      | Noticed Jessica
  2032 | D:2      | Killed Jessica
  2033 | D:2      | Reached skill level 1 in Maces & Flails
  2149 | D:2      | Found a runed translucent door.
  2150 | D:2      | Noticed Crazy Yiuf
  2176 | D:2      | Found a faded altar of an unknown god.
  2188 | D:2      | Prayed at the altar of an unknown god.
  2188 | D:2      | Became a worshipper of the Wu Jian Council
  2188 | D:2      | Reached * piety under Wu Jian
  2188 | D:2      | Reached ** piety under Wu Jian
  2386 | D:2      | Killed Crazy Yiuf
  2693 | D:3      | Found Unacwigiwu's Weapon Boutique.
  2718 | D:3      | Gained mutation: You are partially covered in sharp spines.
                  | [demonic ancestry]
  2718 | D:3      | Reached XP level 5. HP: 41/41 MP: 6/6
  2776 | D:3      | Reached *** piety under Wu Jian
  2796 | D:3      | Reached skill level 1 in Throwing
  2796 | D:3      | Reached skill level 1 in Spellcasting
  3130 | D:4      | Found a shadowy altar of Dithmenos.
  3206 | D:4      | Reached skill level 4 in Axes
  3214 | D:4      | Discovered your monstrous ancestry.
  3214 | D:4      | Gained mutation: You have sharp fingernails. [demonic
                  | ancestry]
  3214 | D:4      | Reached XP level 6. HP: 45/48 MP: 6/8
  3264 | D:4      | Found Jubiuf's Self-Improvement Boutique.
  3345 | D:4      | Found a staircase to the Ecumenical Temple.
  3360 | Temple   | Entered the Ecumenical Temple
  3649 | D:4      | Found a snail-covered altar of Cheibriados.
  3705 | D:4      | Found Ysteq's Antique Weapon Shop.
  3744 | D:4      | You fall into a shaft and drop 3 floors!
  3803 | D:7      | Noticed a hornet
  3808 | D:7      | Paralysed by a hornet for 3 turns
  3812 | D:7      | Killed a hornet
  3813 | D:7      | Reached XP level 7. HP: 20/54 MP: 8/10
  4133 | D:7      | Reached skill level 5 in Axes
  4328 | D:7      | Identified the ring "Ydifromm" {rF+ Will+ MP+9 Dex+6}
  4401 | D:7      | Found a hide-covered altar of Uskayaw.
  4416 | D:7      | Noticed a steam dragon
  4562 | D:6      | Reached **** piety under Wu Jian
  4802 | D:6      | Gained mutation: You have a pair of small antennae on your
                  | head. [demonic ancestry]
  4802 | D:6      | Reached XP level 8. HP: 61/61 MP: 12/12
  4895 | D:5      | Entered Level 5 of the Dungeon
  4895 | D:5      | Noticed Blork the orc
  4915 | D:5      | Reached skill level 5 in Fighting
  4920 | D:5      | Killed Blork the orc
  5550 | D:5      | Reached skill level 6 in Axes
  5766 | D:5      | Found a shimmering blue altar of Sif Muna.
  5872 | D:5      | Noticed Pikel
  5888 | D:5      | Killed Pikel
  5889 | D:5      | Reached skill level 5 in Dodging
  5889 | D:5      | Reached XP level 9. HP: 36/68 MP: 14/14
  6778 | D:7      | Noticed Duvessa
  6781 | D:7      | Noticed Dowan
  6800 | D:7      | Reached skill level 7 in Axes
  6803 | D:7      | Killed Dowan
  6803 | D:7      | Noticed Menkaure
  6837 | D:7      | Killed Menkaure
  7048 | D:7      | Killed Duvessa
  7226 | D:7      | Found a hazy altar of Hepliaklqana.
  7458 | D:7      | Found a stormy altar of Qazlal.
  7510 | D:7      | Reached XP level 10. HP: 76/76 MP: 17/17
  7774 | D:8      | Found a runed translucent door.
  7858 | D:8      | Found a sand-covered staircase.
  7867 | Ossuary  | Entered an ossuary
  7993 | Ossuary  | Reached ***** piety under Wu Jian
  8840 | D:9      | Reached skill level 8 in Axes
  8840 | D:9      | Reached skill level 5 in Maces & Flails
  8840 | D:9      | Reached skill level 5 in Spellcasting
  8867 | D:9      | Reached skill level 5 in Throwing
  9285 | D:9      | Found a staircase to the Orcish Mines.
 10036 | D:10     | Entered Level 10 of the Dungeon
 10299 | D:10     | Found a transporter.
 10470 | D:10     | Reached skill level 1 in Armour
 10480 | D:10     | Reached skill level 1 in Shields
 10484 | D:10     | Gained mutation: A demonic guardian rushes to your aid.
                  | [demonic ancestry]
 10484 | D:10     | Reached XP level 11. HP: 29/84 MP: 19/19
 10796 | D:10     | Reached skill level 9 in Axes
 11124 | D:10     | Found a portal to a secret trove of treasure.
 11358 | D:10     | Noticed zzuzz's ghost (journeyman TrTm)
 11359 | D:10     | Noticed a six-headed hydra
 11378 | D:10     | Found a transporter.
 11463 | D:10     | Found a staircase to the Lair.
 11980 | D:11     | Noticed a white ugly thing
 11997 | D:11     | Killed a white ugly thing
 12452 | D:11     | Noticed a two-headed ogre
 12456 | D:11     | Killed a two-headed ogre
 12606 | D:11     | Noticed a centaur warrior
 12613 | D:11     | Identified the +5 scale mail "Taerimie" {Rampage +Blink
                  | Str-4 Int+6 Stlth+}
 12613 | D:11     | Killed a centaur warrior
 13043 | D:12     | Noticed a cyan ugly thing
 13061 | D:12     | Killed a cyan ugly thing
 13247 | D:12     | Gained mutation: You have a pair of antennae on your head.
                  | [demonic ancestry]
 13247 | D:12     | Reached XP level 12. HP: 76/92 MP: 21/21
 13663 | D:4      | Bought a manual of Dodging for 880 gold pieces
 13854 | D:12     | Noticed a boulder beetle
 13878 | D:12     | Killed a boulder beetle
 13879 | D:12     | Reached skill level 10 in Axes
 14110 | D:13     | Reached ****** piety under Wu Jian
 14313 | Lair:1   | Entered Level 1 of the Lair of Beasts
 14717 | Lair:1   | Found the +8 whip "Snakebite" {venom, curare, rPois}
 14774 | Lair:1   | Noticed Maggie
 14796 | Lair:1   | Killed Maggie
 15035 | Lair:1   | You fall into a shaft and drop 1 floor!
 15492 | Lair:2   | Noticed a death yak
 15494 | Lair:2   | Noticed a death yak
 15501 | Lair:2   | Killed a death yak
 15513 | Lair:2   | HP: 1/94 [death yak[a torpor snail] (7)]
 15517 | Lair:2   | Killed a death yak
 15845 | Lair:2   | Noticed an eight-headed hydra
 15858 | Lair:2   | Killed a four-headed hydra
 16017 | Lair:2   | Noticed Erica
 16043 | Lair:2   | Killed Erica
 16960 | Lair:2   | Found a hole to the Spider Nest.
 17095 | D:10     | You paid a toll of 6 potions of haste to enter a treasure
                  | trove
 17096 | Trove    | Entered a treasure trove
 17099 | Trove    | Found the +2 hood of the Assassin {Detect Stab+ Stlth++}
 17101 | Trove    | Identified the +2 scale mail of Grace {rF+ Dex+4}
 17102 | Trove    | Identified the +5 chain mail of the Miller {Harm Fly
                  | Stlth-}
 17103 | Trove    | Identified the +0 cloak "Webugex" {rF+ rN+ Str+3}
 17151 | Trove    | Identified the +1 pair of gloves of the Distant Future
                  | {rCorr Int-2 Slay+3}
 17163 | Trove    | Identified the +2 buckler "Saafanit" {Contam Fly rF+ rN+}
 17194 | Trove    | Identified the +5 chain mail of Epre List {Str+3 Dex+3}
 17195 | Trove    | Identified the +7 ring mail of Ulu Enet {rElec Str+2 Int+3
                  | SInv}
 17201 | Trove    | Found the +2 hat of the Bear Spirit {Spirit, Bear, *Rage
                  | Will++}
 17417 | Lair:2   | Gained mutation: You have a pair of large antennae on your
                  | head. (SInv) [demonic ancestry]
 17417 | Lair:2   | Reached XP level 13. HP: 78/99 MP: 23/23
 18037 | Lair:3   | Reached skill level 11 in Axes
 18901 | Lair:3   | Reached skill level 5 in Armour
 18901 | Lair:3   | Reached skill level 5 in Shields
 19498 | Lair:3   | Noticed Gastronok
 19529 | Lair:3   | Killed Gastronok
 20197 | Lair:3   | Found a staircase to the Shoals.
 20245 | Lair:3   | Noticed a fire dragon
 20254 | Lair:3   | Killed a fire dragon
 21136 | Lair:4   | Gained mutation: You have very sharp fingernails. [demonic
                  | ancestry]
 21136 | Lair:4   | Reached XP level 14. HP: 37/108 MP: 26/26
 21491 | Lair:4   | Found a viscous altar of Jiyva.
 21491 | Lair:4   | Found a staircase to the Slime Pits.
 21931 | Lair:4   | Reached skill level 10 in Dodging
 21933 | Lair:4   | Reached skill level 12 in Axes
 22755 | Lair:5   | Entered Level 5 of the Lair of Beasts
 24022 | Lair:5   | Reached skill level 10 in Fighting
 24282 | Lair:5   | Identified the ring of Leycrez {Fire rN+ Int+4}
 24967 | Lair:5   | Found a corrupted altar of Lugonu.
 24967 | Lair:5   | Found a one-way gate to the infinite horrors of the Abyss.
 24976 | Lair:5   | Got the Precepts of Ceraunoscopy
 25149 | Lair:5   | Found a runed translucent gate.
 25149 | Lair:5   | Found a runed translucent gate.
 25149 | Lair:5   | Found a runed translucent gate.
 25151 | Lair:5   | Noticed Zeor's ghost (journeyman NaHs)
 25205 | Lair:5   | Killed Zeor's ghost
 25717 | Orc:1    | Entered Level 1 of the Orcish Mines
 25950 | Orc:1    | Paralysed by an orc sorcerer for 2 turns
 26137 | Orc:2    | Entered Level 2 of the Orcish Mines
 26321 | Orc:2    | Reached XP level 15. HP: 73/116 MP: 28/28
 26348 | Orc:2    | Mangled by an ogre

Illustrated notes

Levels and vault maps discovered:
D:1:      heliophobic_arrival_dark_side_of_the_moon, layout_basic,
          hangedman_abyss_or_decor_lesser_grid, chequers_arboretum
D:2:      layout_loops_ring, shapermc_ecumenical_altar_venn, uniq_jessica,
          uniq_terence, uniq_crazy_yiuf_cottage
D:3:      layout_rooms, serial_shops, nicolae_shop_tiny_real_fake_doors,
          minmay_starry_boxes
D:4:      layout_loops_ring, lemuel_doored_altar, slow_altar_2,
          nicolae_dithmenos_the_darkroom, minmay_temple_entry_sparse_star,
          serial_shops, shop, nicolae_shop_self_help
D:5:      layout_rooms, mainiacjoe_overflow_six_doors_small,
          gup_sewer_entry_spiral, uniq_pikel, uniq_blork_the_orc
D:6:      layout_basic, wad_floor_pattern_2
D:7:      layout_basic, mainiacjoe_overflow_swirl,
          lemuel_coloured_pillars_altar, uniq_menkaure, uniq_duvessa
D:8:      layout_cave_pools, nicolae_ossuary_entry_plus, lightli_church_of_beogh
D:9:      layout_basic, hiddenorc1_lemuel
D:10:     layout_basic, grunt_lair_entry_orc_guard_hut,
          gammafunk_ghost_berserking_beasts, serial_glass, glass_columns_a,
          glass_columns_c, glass_columns_b, nicolae_trove_entry_path_of_doom,
          nicolae_benzene_ring
D:11:     layout_loops_ring, grunt_ogre_cave, kennysheep_small_circle
D:12:     layout_roguey
D:13:     cheibrodos_histonic, layout_stronghold, grunt_vaults_entry_fortified,
          serial_shops, nicolae_square_shop
Temple:   regret_index_temple_generic_petals
Lair:1:   minmay_guarded_unrand_snakebite, layout_long_grid,
          serial_bayou_shore_b, lemuel_fruit_tree, uniq_maggie
Lair:2:   layout_regular_city, nicolae_spider_entry_tight_spaces, uniq_erica
Lair:3:   dragon1_lemuel, layout_cave_shapes, nicolae_shoals_entry_roost,
          special_room [special_room_mythical_zoo], columned_hall_lemuel,
          serial_bayou_pond_b, grunt_megastairs_4, uniq_gastronok
Lair:4:   layout_layer_cave, dpeg_slime_entry_enclosed, st_stairs_6,
          lemuel_old_faithful
Lair:5:   hellmonk_lair_end_abyssal_woods, layout_loops_ring,
          gammafunk_ghost_hydra_chop
Orc:1:    layout_caves, serial_shops, nicolae_shop_just_a_little_nook
Orc:2:    st_orc_ogre_mass, layout_caves, basic_altar

Skill      XL: |  1  2  3  4  5  6  7  8  9 10 11 12 13 14 |
---------------+-------------------------------------------+-----
Dodging        | 3 4 5 6 7 8 9 11 | 11.2
Axes           | 3 4 5 6 7 8 9 10 11 12 | 12.9
Maces & Flails | 1 2 3 4 5 6 7 8 |  8.6
Throwing       | 1 2 3 4 5 6 7 8 |  8.9
Spellcasting   | 1 2 3 4 5 6 7 8 9 |  9.2
Fighting       | 4 5 6 7 8 9 10 | 10.4
Armour         | 1 3 4 5 6 |  6.7
Shields        | 1 3 4 5 6 |  6.8

Action                     |  1- 3 |  4- 6 |  7- 9 | 10-12 | 13-15 || total
---------------------------+-------+-------+-------+-------+-------++-------
  Melee: Hand axe          |    98 |   103 |   252 |   282 |       ||   735
         War axe           |       |       |       |   395 |   744 ||  1139
         Broad axe         |       |       |       |     4 |    46 ||    50
  Throw: Javelin           |     3 |     2 |     3 |    13 |     9 ||    30
         Dart              |       |       |       |       |     5 ||     5
         Boomerang         |       |       |       |       |     1 ||     1
 Invoke: Serpent's Lash    |       |       |       |       |     1 ||     1
Ability: Lunge             |       |    18 |    34 |    90 |    72 ||   214
         Whirlwind         |       |    26 |    92 |   231 |   211 ||   560
    Use: Potion            |     3 |     2 |     1 |     2 |     6 ||    14
         Scroll            |     2 |     7 |     3 |    14 |     5 ||    31
   Stab: Distracted        |       |       |       |     2 |     2 ||     4
 Armour: Robe              |    16 |     1 |       |       |       ||    17
         Leather armour    |       |    15 |    42 |    83 |       ||   140
         Scale mail        |       |       |       |    98 |   194 ||   292
  Dodge: Dodged            |    54 |    56 |   156 |   384 |   390 ||  1040
  Block: Buckler           |       |       |       |     2 |   249 ||   251
